 Dungeon Crawl Stone Soup version 0.27.0-1-g7a089689b8 (webtiles) character file.

Game seed: 9296937528464169181

217 Brandom the Sneak (level 5, -8/27 HPs)
             Began as a Spriggan Fire Elementalist on July 31, 2021.
             Mangled by a wyvern zombie (11 damage)
             ... on level 4 of the Dungeon.
             The game lasted 00:07:12 (4607 turns).

Brandom the Sneak (Spriggan Fire Elementalist)      Turns: 4607, Time: 00:07:12

Health: -8/27      AC:  2    Str:  5    XL:     5   Next: 61%
Magic:  1/10       EV: 19    Int: 17    God:
Gold:   217        SH:  0    Dex: 15    Spells: 5/9 levels left

rFire    . . .     SeeInvis +   b - +0 dagger
rCold    . . .     Faith    .   (shield restricted)
rNeg     + . .     Spirit   .   a - +0 robe
rPois    .         Reflect  .   (helmet restricted)
rElec    .         Harm     .   (no cloak)
rCorr    .         Rampage  .   (gloves unavailable)
Will     .....                  (boots unavailable)
Stlth    +.........             (no amulet)
HPRegen  0.09/turn              j - ring of positive energy
MPRegen  0.12/turn              (no ring)

@: confused, very quick
A: very small, no large weapons, unfitting armour, see invisible, speed 3
a: no special abilities


You were on level 4 of the Dungeon.
You visited 1 branch of the dungeon, and saw 4 of its levels.

You collected 217 gold pieces.

Inventory:

Hand Weapons
 b - a +0 dagger (weapon)
   (You took it off a kobold on level 1 of the Dungeon)
Missiles
 d - 2 atropa-tipped darts
 f - 18 poisoned darts (quivered)
Armour
 a - a +0 robe (worn)
Jewellery
 e - a ring of ice
   (You found it on level 2 of the Dungeon)
 j - a ring of positive energy (left hand)
   (You found it on level 2 of the Dungeon)
Scrolls
 c - a scroll of vulnerability {unknown}
 h - a scroll of holy word {unknown}
 i - 2 scrolls of fog
 k - a scroll of teleportation {unknown}
 m - a scroll of enchant armour
 n - a scroll of noise {unknown}
Potions
 g - a potion of resistance


   Skills:
 + Level 2.4 Fighting
 * Level 0.0 Short Blades
 + Level 5.0 Dodging
 + Level 5.8 Stealth
 + Level 2.7 Spellcasting
 - Level 0.6 Conjurations
 - Level 2.4 Fire Magic
 + Level 0.0 Ice Magic


You had 5 spell levels left.
You knew the following spells:

 Your Spells              Type           Power      Damage    Failure   Level
a - Foxfire               Conj/Fire      28%        2x1d5     10%         1
b - Ozocubu's Armour      Ice            2%         N/A       47%         3

Your spell library contained the following spells:

 Spells                   Type           Power      Damage    Failure   Level
 Conjure Flame            Conj/Fire      7%         6-21      28%         3
 Inner Flame              Hex/Fire       6%         N/A       32%         3
 Sticky Flame             Conj/Fire      7%         2d3       67%         4
 Fireball                 Conj/Fire      3%         3d4       95%         5
 Ozocubu's Refrigeration  Ice            1%         4d5       100%        7


Dungeon Overview and Level Annotations

Branches:
Dungeon (4/15)
 Temple: D:4-7

Altars:


Innate Abilities, Weirdness & Mutations

You are very small and have problems with some larger weapons.
You are too small for most types of armour.
You have supernaturally acute eyesight. (SInv)
You cover ground extremely quickly. (Speed+++)


Message History

Your magical contamination has completely faded away.
You conjure some foxfire!
The foxfire hits the giant cockroach but does no damage.
The foxfire hits the giant cockroach.
The orc wizard closely misses you.
The giant cockroach completely misses you.
You conjure some foxfire!
The foxfire hits the giant cockroach.
You kill the giant cockroach!
The foxfire hits the orc wizard but does no damage.
The orc wizard misses you.
You conjure some foxfire!
The foxfire hits the orc wizard. x2
The orc wizard closely misses you.
You don't have enough magic to cast this spell.
You completely miss the orc wizard.
The foxfire hits the orc wizard.
The foxfire hits the orc wizard but does no damage.
The orc wizard barely misses you.
You hit the orc wizard but do no damage.
The orc wizard hits you with a +0 dagger.
You hit the orc wizard.
A wyvern zombie comes into view.
The orc wizard closely misses you.
You closely miss the orc wizard.
The orc wizard hits you with a +0 dagger.
You miscast Foxfire.
You are very lightly contaminated with residual magic.
Nothing appears to happen.
The orc wizard gestures at you while chanting.
The puff of flame hits you.
* * * LOW HITPOINT WARNING * * *
The orc wizard hits you with a +0 dagger.
* * * LOW HITPOINT WARNING * * *
Found a scroll of fog.
The orc wizard gestures at you while chanting.
You are confused.
Your magical contamination has completely faded away.
You're too confused to cast spells.
Sorry, you're not good enough to have a special ability.
You bump into the rock wall.
The orc wizard points at you and mumbles some strange words.
You are more confused.
Okay, then.
You bump into the rock wall.
You bump into the rock wall.
The wyvern zombie closely misses you.
The orc wizard gestures at you while chanting.
The puff of flame hits you!
* * * LOW HITPOINT WARNING * * *
Okay, then.
You are too confused!
You closely miss the wyvern zombie. The wyvern zombie bites you!
You die...

#.?..# ...........
#....# ...........
#....# ...........
#....##########.###
#....##............
###.##.........###
#.o............# #
#..............# #
#@............)# #
#Z...........).# #
..####......).......#..
..(...)..##.........#..
.....?).............#..
....................#..
.o.........#'########..
.........###.#
.)...##### #'#


You could see an orc wizard and a wyvern zombie.

Vanquished Creatures
  An ogre (D:4)
  5 adders (D:3)
  2 worms (D:3)
  3 dart slugs
  2 orcs (D:4)
  4 bats
  8 endoplasms
  8 giant cockroaches
  8 goblins
  4 hobgoblins
  4 jackals (D:1)
  3 quokkas
  6 ball pythons
  2 frilled lizards
  3 kobolds
  5 rats
68 creatures vanquished.

Vanquished Creatures (others)
  87 foxfires
87 creatures vanquished.

Grand Total: 155 creatures vanquished

Notes
Turn   | Place    | Note
-------+----------+-------------------------------------------
     0 | D:1      | Brandom the Spriggan Fire Elementalist began the quest for
                  | the Orb.
     0 | D:1      | Reached XP level 1. HP: 9/9 MP: 5/5
   201 | D:1      | Reached XP level 2. HP: 3/14 MP: 0/6
  1144 | D:1      | Reached skill level 1 in Fighting
  1605 | D:2      | Reached XP level 3. HP: 18/18 MP: 8/8
  2997 | D:3      | Reached XP level 4. HP: 22/22 MP: 9/9
  3768 | D:3      | Reached skill level 5 in Stealth
  4137 | D:4      | Noticed an ogre
  4182 | D:4      | Killed an ogre
  4183 | D:4      | Reached XP level 5. HP: 10/27 MP: 10/10
  4187 | D:4      | Learned a level 3 spell: Ozocubu's Armour
  4440 | D:4      | Reached skill level 5 in Dodging
  4607 | D:4      | Mangled by a wyvern zombie

Illustrated notes

Levels and vault maps discovered:
D:1:      ncdulo_wetmaze, layout_loops_ring
D:2:      layout_loops_corners
D:3:      layout_basic, minmay_distorted
D:4:      layout_basic

Skill      XL: |  1  2  3  4  5 |
---------------+----------------+-----
Dodging        | 3 4 5 |  5.0
Fighting       | 1 2 |  2.4
Stealth        | 4 5 |  5.8
Spellcasting   | |  2.7
Conjurations   | |  0.6
Fire Magic     | |  2.4

Action                   |  1- 3 |  4- 6 || total
-------------------------+-------+-------++-------
Melee: Unarmed           |     7 |       ||     7
       Dagger            |   164 |   115 ||   279
Throw: Dart              |       |    16 ||    16
 Cast: Foxfire           |    30 |    24 ||    54
  Use: Scroll            |       |     3 ||     3
 Stab: Sleeping          |    17 |     6 ||    23
Armor: Robe              |    23 |     8 ||    31
Dodge: Dodged            |   159 |   100 ||   259
